AoeStats
← KK

Arabia

507887915Analyzed
1v1 RM · 13d ago on Sep 20, 2026· 25m 14s· 2 players
Game mode
Random Map
Map size
Tiny (2 player)
Population
200
Speed
Normal
Resources
Standard
Victory
Conquest
Starting age
Dark Age
Ending age
Imperial Age
RankedLock teamsTeams togetherTeam positionsShared explorationLock speedFull tech treeHidden civsTurbo modeCheats
Victory
Defeat
🇦🇺 Celts · Australia
1710
+15
🇨🇳 Mapuche · China
1690
-15
KK
6:22 Loom
8:56 Feudal Age
9:59 Double-Bit Axe
11:51 Horse Collar
17:54 Wheelbarrow
20:33 Castle Age
19:30 Fletching
19:33 Gold Mining
pigrandom
7:07 Loom
12:20 Feudal Age
13:02 Double-Bit Axe
17:18 Castle Age
Connection lost

Rejoining the realm…

Still unreachable

The connection could not be restored.

Session expired

The server has moved on; the page needs a fresh start.